 Dungeon Crawl Stone Soup version 0.29-a0-553-g81b289dbe5 (webtiles) character file.

Game seed: 1894634468900357480

25 shadowstone the Shield-Bearer (level 3, 0/23 HPs)
             Began as a Gargoyle Fighter on June 6, 2022.
             Slain by a jackal (1 damage)
             ... on level 2 of the Dungeon.
             The game lasted 00:04:40 (1563 turns).

shadowstone the Shield-Bearer (Gargoyle Fighter)    Turns: 1563, Time: 00:04:41

Health: 0/23       AC: 11    Str: 21    XL:     3   Next: 4%
Magic:  3/3        EV:  9    Int:  8    God:
Gold:   18         SH:  4    Dex:  9    Spells: 2/2 levels left

rFire   . . .      SeeInvis .   m - +0 dagger
rCold   . . .      Faith    .   b - +0 buckler
rNeg    + . .      Spirit   .   a - +0 scale mail
rPois   ∞          Reflect  .   (no helmet)
rElec   +          Harm     .   (no cloak)
rCorr   .          Rampage  .   (no gloves)
Will    .....                   k - +0 pair of boots
Stlth   ..........              (no amulet)
HPRegen 0.07/turn               (no ring)
MPRegen 0.08/turn               (no ring)

@: no status effects
A: sickness immunity, AC +3, negative energy resistance 1, electricity
resistance, torment resistance 1, petrification resistance
a: no special abilities


You were on level 2 of the Dungeon.
You visited 1 branch of the dungeon, and saw 2 of its levels.

You collected 18 gold pieces.

Inventory:

Hand Weapons
 m - a +0 dagger (weapon)
Missiles
 h - 6 poisoned darts (quivered)
Armour
 a - a +0 scale mail (worn)
 b - a +0 buckler (worn)
 k - a +0 pair of boots (worn)
Scrolls
 g - a scroll of identify {unknown}
 i - a scroll of teleportation {unknown}
 j - a scroll of fog {unknown}
 l - 2 scrolls of noise {unknown}
Potions
 c - 3 potions of might
 d - a potion of magic {unknown}
 e - a potion of mutation {unknown}
 f - a potion of degeneration {unknown}


   Skills:
 + Level 3.5 Fighting
 + Level 3.4 Armour
 + Level 0.4 Dodging
 + Level 3.6 Shields
 + Level 2.4 Unarmed Combat


You had 2 spell levels left.
You didn't know any spells.
Your spell library was empty.

Dungeon Overview and Level Annotations

Branches:
Dungeon (2/15)

Altars:


Innate Abilities, Weirdness & Mutations

You are immune to sickness and miasma.
Your stone body is resilient. (AC +3)
You are immune to poison.
You resist negative energy. (rN+)
You are resistant to electric shocks. (rElec)
You are resistant to unholy torment.
You are immune to petrification.


Message History

The endoplasm freezes you.
You are frozen.
* * * LOW HITPOINT WARNING * * *
The jackal bites you but does no damage. x3
You are too injured to fight recklessly!
You are too injured to fight recklessly!
You are too injured to fight recklessly!
You are too injured to fight recklessly!
Your library has no spells.
Your library has no spells.
Your library has no spells.
Your library has no spells.
Your library has no spells.
Your library has no spells.
Your library has no spells.
Your library has no spells.
Your library has no spells.
Your library has no spells.
Your library has no spells.
Your library has no spells.
The jackal bites you.
* * * LOW HITPOINT WARNING * * *
The jackal barely misses you. You block the jackal's attack.
The jackal attacks as you move away!
The jackal bites you but does no damage.
The endoplasm barely misses you.
The jackal bites you but does no damage.
The endoplasm hits you but does no damage.
The jackal bites you but does no damage.
The jackal attacks as you move away! The jackal closely misses you.
Found 7 gold pieces.
The jackal closely misses you.
The jackal bites you but does no damage.
You block the jackal's attack.
The jackal bites you but does no damage.
The jackal bites you.
* * * LOW HITPOINT WARNING * * *
The jackal attacks as you move away! The jackal completely misses you.
The jackal attacks as you move away! The jackal bites you.
You die...

.............
............
...........
##..........
#........... . #
#........##. ..
#.#..........$
...#.#.#.@...# #
.......#hh...#...
.......rhJ.......
.........h...#...
#.......<....# ..
.............# .
.............#
.............#
.............#


You could see an endoplasm, 4 jackals and a rat.

Vanquished Creatures
  A dart slug (D:1)
  2 bats (D:1)
  2 endoplasms (D:1)
  4 giant cockroaches (D:1)
  3 goblins (D:1)
  A hobgoblin (D:1)
  3 kobolds (D:1)
  A frilled lizard (D:1)
  3 rats (D:1)
20 creatures vanquished.

Notes
Turn   | Place    | Note
-------+----------+-------------------------------------------
     0 | D:1      | shadowstone the Gargoyle Fighter began the quest for the
                  | Orb.
     0 | D:1      | Reached XP level 1. HP: 14/14 MP: 1/1
   352 | D:1      | Reached XP level 2. HP: 16/19 MP: 2/2
  1125 | D:1      | Reached XP level 3. HP: 20/23 MP: 3/3
  1562 | D:2      | HP: 1/23 [jackal (2)]
  1563 | D:2      | Slain by a jackal

Illustrated notes

Levels and vault maps discovered:
D:1:      dpeg_arrival_ternary, layout_basic
D:2:      layout_basic, hellmonk_ecumenical_altar_dog_temple

Action                   || total
-------------------------++-------
Melee: Unarmed           ||   109
       Dagger            ||    15
Armor: Scale mail        ||   190
Dodge: Dodged            ||   190
Block: Buckler           ||    64

Table legend: (Time is in decaauts)
 A = Elapsed time spent in this place.
 B = Non-inter-level travel time spent in this place.
 C = Inter-level travel time spent in this place.
 D = Time resting spent in this place.
 E = Time spent auto-exploring this place.
 F = Levels seen in this place.
 G = Mean time per level.
                   A        B        C        D        E       F      G
               +--------+--------+--------+--------+--------+-----+--------+
         Total |   1561 |   1561 |      0 |    400 |      0 |   2 |  780.5 |
       Dungeon |   1561 |   1561 |      0 |    400 |      0 |   2 |  780.5 |
               +--------+--------+--------+--------+--------+-----+--------+

Top non-repeatable levels by time:
     D:1: 1536 daAuts
     D:2: 25 daAuts
